 Dungeon Crawl Stone Soup version 0.27.1-15-g792fb953b9 (webtiles) character file.

Game seed: 16517231798721490529

46 croobank the Slasher (level 3, -6/28 HPs)
             Began as a Barachi Gladiator on Nov 18, 2021.
             Was a Follower of Dithmenos.
             Mangled by a gnoll (10 damage)
             ... on level 2 of the Dungeon on Nov 19, 2021.
             The game lasted 00:05:11 (1254 turns).

croobank the Slasher (Barachi Gladiator)            Turns: 1254, Time: 00:05:11

Health: -6/28      AC:  7    Str: 16    XL:     3   Next: 68%
Magic:  3/3        EV: 12    Int:  8    God:    Dithmenos [*.....]
Gold:   33         SH:  0    Dex: 13    Spells: 0/2 levels left

rFire    . . .     SeeInvis .   a - +0 long sword
rCold    . . .     Faith    .   (no shield)
rNeg     . . .     Spirit   .   e - +0 ring mail
rPois    .         Reflect  .   c - +0 helmet
rElec    .         Harm     .   (no cloak)
rCorr    .         Rampage  .   (no gloves)
Will     .....                  f - +0 pair of boots
Stlth    +.........             (no amulet)
HPRegen  0.09/turn              (no ring)
MPRegen  0.08/turn              (no ring)

@: wreathed by umbra, slow
A: amphibious, slowness 1, strong legs 1, +LOS
a: Hop, Renounce Religion


You were on level 2 of the Dungeon.
You worshipped Dithmenos.
Dithmenos was aware of your devotion.
You visited 1 branch of the dungeon, and saw 2 of its levels.

You collected 33 gold pieces.

Inventory:

Hand Weapons
 a - a +0 long sword (weapon)
 b - a +0 war axe
 i - a +0 dagger of venom
Missiles
 d - a throwing net (quivered)
 j - 3 stones
 l - 18 arrows
 m - 19 bolts
Armour
 c - a +0 helmet (worn)
 e - a +0 ring mail (worn)
 f - a +0 pair of boots (worn)
Potions
 g - a potion of haste {unknown}
 h - a potion of mutation {unknown}
 k - a potion of heal wounds {unknown}


   Skills:
 + Level 2.5 Fighting
 + Level 4.2 Long Blades
 + Level 2.3 Throwing
 * Level 1.3 Armour
 + Level 4.0 Dodging


You couldn't memorise any spells.
You knew the following spells:

 Your Spells              Type           Power      Damage    Failure   Level
a - Slow                  Hex            0%         N/A       77%         2

Your spell library contained the following spells:

 Spells                   Type           Power      Damage    Failure   Level
 Confusing Touch          Hex            0%         N/A       94%         3
 Vampiric Draining        Necr           0%         2d6       94%         3


Dungeon Overview and Level Annotations

Branches:
Dungeon (2/15)

Altars:
Dithmenos


Innate Abilities, Weirdness & Mutations

You are amphibious.
You cover ground slowly.
You can hop short distances.
You have an extended range of vision and can be seen from far away.


Message History

Press: ? - help, Q - select action, (/) - cycle Shift-Dir - straight line, f - gnoll
Aim: a gnoll, wielding a +0 spear (63% to hit)
You throw a throwing net. The throwing net hits the gnoll.
The gnoll is caught in the net!
The gnoll struggles against the net.
Throw: 2 throwing nets
Press: ? - help, Q - select action, (/) - cycle Shift-Dir - straight line, f - gnoll, p - gnoll
Aim: a gnoll, wielding a +0 halberd (63% to hit)
You throw a throwing net.
The throwing net closely misses the gnoll.
There are monsters nearby!
There are monsters nearby!
There are monsters nearby!
There are monsters nearby!
The gnoll struggles against the net.
The gnoll hits you with a +0 halberd!
The gnoll struggles against the net.
You slash the gnoll!
The gnoll is heavily wounded.
The gnoll closely misses you.
The gnoll struggles against the net.
The gnoll hits you with a +0 halberd.
You barely miss the gnoll.
The gnoll is heavily wounded.
The gnoll struggles against the net.
The net rips apart, and the gnoll comes free!
The gnoll closely misses you.
You riposte.
You closely miss the gnoll.
The gnoll is heavily wounded.
You hit the gnoll.
The gnoll is heavily wounded.
The gnoll hits you from afar with a +0 spear!
* * * LOW HITPOINT WARNING * * *
The gnoll closely misses you.
You hit the gnoll but do no damage.
The gnoll is heavily wounded.
The gnoll hits you from afar with a +0 spear.
* * * LOW HITPOINT WARNING * * *
The gnoll barely misses you. x2
The gnoll barely misses you.
There is a stone staircase leading up here.
The gnoll hits you from afar with a +0 halberd!
You die...

#.....# .
#.....# !#
#..g..# .#
#.....# .#
#!)...###..
#)####..?.
#.####.####
#.......#
#(..g.@.#
#...g...#
#.......#
#.......#
#.......#
#.......#
#.......#
#.......#
#########


You could see 2 gnolls.

Vanquished Creatures
  2 gnolls
  A dart slug (D:1)
  3 ball pythons (D:1)
  3 endoplasms (D:1)
  A giant cockroach (D:1)
  2 goblins (D:1)
  A hobgoblin (D:1)
  3 kobolds
  3 quokkas (D:1)
  4 bats (D:1)
  A frilled lizard (D:1)
24 creatures vanquished.

Notes
Turn   | Place    | Note
-------+----------+-------------------------------------------
     0 | D:1      | croobank the Barachi Gladiator began the quest for the Orb.
     0 | D:1      | Reached XP level 1. HP: 17/17 MP: 1/1
   231 | D:1      | Reached XP level 2. HP: 21/23 MP: 2/2
   410 | D:1      | Reached skill level 1 in Armour
   548 | D:1      | Found a faded altar of an unknown god.
   556 | D:1      | Became a worshipper of Dithmenos the Shadowed
   556 | D:1      | Reached * piety under Dithmenos
   914 | D:1      | Reached XP level 3. HP: 28/28 MP: 3/3
   972 | D:2      | Learned a level 2 spell: Slow
  1254 | D:2      | Mangled by a gnoll

Illustrated notes

Levels and vault maps discovered:
D:1:      tarquinn_simple_flora_water_c, layout_loops_corners,
          basic_ecumenical_altar
D:2:      layout_rooms, chequers_serial_rivers_room_b

Skill      XL: |  1  2  3 |
---------------+----------+-----
Armour         | 1 |  1.3
Long Blades    | 4 |  4.2
Dodging        | 4 |  4.0
Fighting       | |  2.5
Throwing       | |  2.3

Action                   || total
-------------------------++-------
Melee: Long sword        ||    60
Throw: Throwing net      ||     2
 Abil: Hop               ||     1
Armor: Ring mail         ||    28
Dodge: Dodged            ||    58
       Rpst.: Long sword ||    21
